Map: Deathaura LE

Players

RyuKey - Winner!

  • Race: Protoss Protoss
  • League: Diamond
  • Spawn Location: 5:00

Jaykantos

  • Race: Zerg Zerg
  • League: Platinum
  • Spawn Location: 11:00

VOD

Have the link to the VOD?

Description

Time

  • Played on: June 19, 2020, 7:53 a.m.
  • Length: 8:06
Show
View Real Time Build Order
Export as new Build Order

RyuKey Protoss - Winner!

Build Orders: 1 Gate Expand 

Get SALT Encoding   

  12  0:03  Probe  
  13  0:15  Probe  
  13  0:20  Pylon  
  14  0:25  Probe  
  15  0:34  Probe  
  15  0:42  Probe  
  16  0:43  Gateway  
  17  0:52  Assimilator  
  17  0:54  Probe  
  18  1:06  Probe  
  19  1:18  Probe  
  20  1:30  Probe  
  20  1:31  Nexus  
  21  1:42  Probe  
  22  1:54  Probe  
  22  1:58  Cybernetics Core  
  23  2:04  Pylon  
  23  2:15  Pylon  
  23  2:20  Pylon  
  23  2:22  Probe  
  24  2:26  Adept  
  24  2:34  Probe, Gateway  
  27  2:38  Warp Gate  
  27  2:41  Probe  
  27  2:42  Probe  
  27  2:49  Probe  
  27  2:50  Probe  
  29  2:51  Assimilator  
  29  2:57  Stalker  
  33  2:58  Probe  
  33  3:00  Probe  
  35  3:10  Probe  
  36  3:13  Probe  
  37  3:22  Probe  
  37  3:23  Probe  
  38  3:31  Probe  
  38  3:35  Probe  
  38  3:37  Adept x2  
  44  3:47  Probe  
  45  3:52  Robotics Facility  
  45  3:53  Probe  
  46  3:59  Probe  
  47  4:04  Twilight Council  
  47  4:05  Probe  
  45  4:11  Probe  
  45  4:17  Probe  
  45  4:23  Probe  
  47  4:25  Gateway  
  47  4:27  Gateway  
  47  4:28  Gateway  
  47  4:29  Probe, Gateway  
  47  4:30  Gateway  
  48  4:31  Adept x2  
  48  4:35  Probe  
  53  4:40  Observer  
  53  4:41  Probe  
  54  4:46  Assimilator  
  54  4:47  Probe  
  54  4:50  Assimilator  
  56  4:53  Probe  
  58  5:00  Probe, Adept x2  
  62  5:11  Blink  
  62  5:25  Pylon  
  62  5:27  Pylon  
  62  5:31  Pylon  
  62  5:34  Immortal  
  62  5:43  Probe x2  
  62  5:48  Stalker x5, Forge  
  78  5:55  Probe x2  
  80  6:02  Pylon  
  80  6:03  Stalker x2  
  84  6:14  Pylon  
  84  6:19  Immortal  
  84  6:24  Pylon  
  88  6:34  Stalker  
  88  6:35  Stalker x6  
  102  6:49  Immortal  
  104  7:29  Stalker  
  106  7:30  Stalker x2  
  106  7:34  Pylon  
  110  7:37  Pylon  
Show
View Real Time Build Order
Export as new Build Order

Jaykantos Zerg 

Build Orders: Hatch First 

Get SALT Encoding   

  12  0:01  Drone  
  13  0:13  Overlord  
  13  0:17  Drone  
  14  0:33  Drone x2  
  16  0:49  Hatchery  
  15  0:59  Drone x2  
  17  1:14  Spawning Pool, Extractor  
  17  1:16  Drone  
  16  1:20  Drone  
  17  1:28  Drone  
  18  1:44  Drone  
  18  1:45  Drone  
  20  2:01  Queen  
  20  2:02  Queen  
  20  2:04  Zergling x6  
  27  2:14  Metabolic Boost  
  27  2:16  Overlord  
  27  2:21  Drone  
  28  2:35  Drone  
  28  2:36  Drone  
  30  2:43  Queen x2  
  34  2:47  Drone  
  34  2:50  Drone  
  36  2:57  Overlord  
  36  3:23  Drone x7  
  36  3:24  Drone  
  36  3:25  Overlord  
  44  3:48  Drone  
  44  3:49  Drone x3  
  48  3:58  Roach Warren  
  48  4:00  Extractor  
  43  4:18  Zergling x2  
  43  4:20  Overlord x3  
  44  4:39  Roach  
  44  4:40  Roach x9  
  64  4:48  Spine Crawler  
  64  4:51  Spine Crawler  
  62  4:55  Roach x2  
  66  5:03  Roach  
  66  5:05  Overlord x2  
  68  5:22  Overlord  
  68  5:23  Overlord x2  
  68  5:28  Roach x3  
  74  5:42  Roach x6  
  86  5:51  Roach x2  
  90  6:03  Zergling x2  
  90  6:04  Zergling x2  
  92  6:22  Hatchery, Ravager x2  
  92  6:23  Ravager x2  
  92  6:24  Ravager  
  96  6:28  Zergling x16  
  104  6:33  Zergling x2  
  104  6:34  Overlord  
  102  6:50  Evolution Chamber  
  102  6:51  Evolution Chamber  
  93  7:03  Roach x6  
  93  7:04  Roach x2  
  93  7:24  Zergling x6  
  96  7:31  Zergling x4  
  96  7:35  Drone  
Tags
 
Add a new tag
Caveats
  • Supply blocks, unpowered buildings, or Contaminate may cause inaccurate times.
  • Supply counts are checked every 10 seconds.